 Dungeon Crawl Stone Soup version 0.18-a0-1426-g3b9a63c (webtiles) character file.

1059 namelastname112 the Martial Artist (level 8, -14/59 HPs)
             Began as a Grey Draconian Transmuter on Feb 27, 2016.
             Killed from afar by Erica (30 damage)
             ... with an orb of energy
             ... on level 8 of the Dungeon.
             The game lasted 00:07:33 (4816 turns).

namelastname112 the Martial Artist (DrTm)           Turns: 4816, Time: 00:07:34

Health: -14/59     AC: 15    Str: 16 (18) XL:     8   Next: 6%
Magic:  9/9        EV: 17    Int: 11 (14) God:
Gold:   155        SH:  0    Dex: 16 (18) Spells: 1 memorised, 10 levels left

rFire  . . .     SeeInvis .     d - +0 dagger (venom)
rCold  . . .     Gourm    .     (armour unavailable)
rNeg   . . .     Faith    .     (no shield)
rPois  +         Spirit   .     (helmet restricted)
rElec  .         Dismiss  .     o - +0 cloak
rCorr  .         Reflect  .     (no gloves)
SustAt .         Harm     .     (no boots)
MR     .....                    p - amulet of regeneration
Stlth  ++........               L - ring of poison resistance
                                l - +3 ring of protection

@: mighty, agile, exhausted, very slightly contaminated, hasted, very quick, not
resistant to hostile enchantments, unstealthy
A: walk through water, unfitting armour, horns 1, deterioration 1, low mp 1,
unbreathing, cold-blooded, AC +11
a: no special abilities


You were on level 8 of the Dungeon.
You were hungry.

You visited 1 branch of the dungeon, and saw 6 of its levels.

You collected 237 gold pieces.
You spent 82 gold pieces at shops.

Inventory:

Hand Weapons
 d - a +0 dagger of venom (weapon)
Missiles
 a - 71 arrows
Armour
 o - a +0 cloak (worn)
Jewellery
 l - a +3 ring of protection (left hand)
 p - an amulet of regeneration (around neck)
 q - an uncursed ring of protection from cold
 D - an uncursed amulet of faith
 L - a ring of poison resistance (right hand)
Wands
 y - a wand of random effects (25/48)
 I - a wand of polymorph (3/24)
Scrolls
 e - 2 scrolls of enchant armour {unknown}
 g - a scroll of teleportation {unknown}
 h - a scroll of magic mapping {unknown}
 i - 5 scrolls of identify {unknown}
 j - 7 scrolls of remove curse {unknown}
 k - 2 scrolls of enchant weapon {unknown}
 x - 2 scrolls of blinking
 B - a scroll of recharging {unknown}
 G - 2 scrolls of immolation {unknown}
Potions
 n - a potion of degeneration
 s - a potion of might
 v - a potion of berserk rage
Books
 b - a book of Changes

   Spells                             Type                      Level
   a - Beastly Appendage              Transmutation                1
   b - Sticks to Snakes               Transmutation                2
   c - Spider Form                    Transmutation/Poison         3
   d - Ice Form                       Ice/Transmutation            4
   e - Blade Hands                    Transmutation                5
 u - a book of Spatial Translocations

   Spells                             Type                      Level
   a - Apportation                    Translocation                1
   b - Blink                          Translocation                2
   c - Shroud of Golubria             Charms/Translocation         2
   d - Portal Projectile              Translocation                3
   e - Teleport Other                 Translocation                3
   f - Passage of Golubria            Translocation                4
 C - a book of Summonings

   Spells                             Type                      Level
   a - Recall                         Summoning/Translocation      3
   b - Aura of Abjuration             Summoning                    5
   c - Summon Demon                   Summoning                    5
   d - Summon Forest                  Summoning/Translocation      5
   e - Summon Mana Viper              Hexes/Summoning              5
   f - Shadow Creatures               Summoning                    6
 J - a book of Minor Magic

   Spells                             Type                      Level
   a - Magic Dart                     Conjuration                  1
   b - Blink                          Translocation                2
   c - Call Imp                       Summoning                    2
   d - Repel Missiles                 Charms/Air                   2
   e - Slow                           Hexes                        2
   f - Conjure Flame                  Conjuration/Fire             3
   g - Mephitic Cloud                 Conjuration/Poison/Air       3
Comestibles
 c - 5 bread rations
 w - 2 beef jerkies
 A - a meat ration
 E - 3 slices of pizza


   Skills:
 - Level 1.1 Fighting
 - Level 1.7 Dodging
 + Level 9.9 Unarmed Combat
 - Level 2.0 Spellcasting
 - Level 2.0 Transmutations


You had 10 spell levels left.
You knew the following spells:

 Your Spells              Type           Power        Failure   Level  Hunger
a - Beastly Appendage     Trmt           #.....       14%         1    ##.....


Dungeon Overview and Level Annotations

Branches:
Dungeon (5/15)
 Temple: D:4-7

Altars:
Kikubaaqudgha

Shops:
D:5 !?==

Annotations:
D:8 Erica


Innate Abilities, Weirdness & Mutations

You can walk through water.
Your dull iron-grey scales are very hard (AC +11).
Your body does not fit into most forms of armour.
You can survive without breathing.
You are cold-blooded and may be slowed by cold attacks.
You have a pair of small horns on your head.
Your body sometimes deteriorates upon taking damage.
Your magical capacity is low (-10% MP).


Message History

It was a potion of mutation.
You feel extremely strange.
You feel yourself wasting away. A pair of horns grows on your head!
You feel less energetic. Something hits you!
* * * LOW HITPOINT WARNING * * *
Something burns you.
* * * LOW HITPOINT WARNING * * *
You miss something. You tail-slap something! You barely miss something.
You headbutt something. Something hits you but does no damage.
You barely miss something. You headbutt something!
Something hits you but does no damage.
You feel less invigorated.
You feel less confused.
You barely miss something. You headbutt something!
You hear some strange, mumbled words.
An orb of energy appears from out of thin air!
The orb of energy hits you!
Ouch! That really hurt!
You die...

## #. #.
#.#########
##..$......#
##......{...#
#........@.##
#...........#
#############


There were no monsters in sight!

Vanquished Creatures
  Prince Ribbit (D:5)
  An ice beast (D:5)
  An ogre (D:4)
  A centaur (D:4)
  3 scorpions
  A jelly (D:5)
  2 orc wizards (D:5)
  2 orc priests
  Natasha (thrice) (D:4)
  A worker ant (D:3)
  A hound skeleton (D:3)
  4 gnolls (D:5)
  7 adders
  2 oozes
  3 worms
  A dart slug (D:3)
  A giant gecko (D:3)
  18 orcs
  5 bats
  5 giant cockroaches
  6 goblins
  6 hobgoblins
  4 jackals (D:3)
  A quokka (D:1)
  4 giant newts
  5 kobolds
  10 rats
99 creatures vanquished.

Vanquished Creatures (others)
  A human (D:2)
1 creature vanquished.

Grand Total: 100 creatures vanquished

Notes
Turn   | Place    | Note
--------------------------------------------------------------
     0 | D:1      | namelastname112 the Draconian Transmuter began the quest for the Orb.
     0 | D:1      | Reached XP level 1. HP: 16/16 MP: 3/3
    96 | D:1      | Reached XP level 2. HP: 23/23 MP: 5/5
   235 | D:1      | Reached skill level 4 in Unarmed Combat
   678 | D:2      | Reached XP level 3. HP: 19/28 MP: 6/6
   867 | D:2      | Found an ancient bone altar of Kikubaaqudgha.
   868 | D:2      | Noticed a human
   872 | D:2      | Killed a human
  1144 | D:2      | Reached skill level 5 in Unarmed Combat
  1144 | D:2      | Reached XP level 4. HP: 26/35 MP: 7/7
  2035 | D:3      | Reached XP level 5. HP: 38/40 MP: 8/8
  2281 | D:3      | Reached skill level 6 in Unarmed Combat
  2747 | D:4      | Noticed a centaur
  2759 | D:4      | Killed a centaur
  2759 | D:4      | Reached XP level 6. HP: 24/47 MP: 9/9
  2894 | D:4      | Reached skill level 7 in Unarmed Combat
  2925 | D:4      | Noticed Natasha
  2936 | D:4      | Killed Natasha
  3163 | D:4      | Noticed Natasha
  3317 | D:4      | Killed Natasha
  3487 | D:4      | Noticed Natasha
  3496 | D:4      | Killed Natasha
  3759 | D:4      | Reached skill level 8 in Unarmed Combat
  3759 | D:4      | Your scales start taking on a dull iron-grey colour.
  3759 | D:4      | Reached XP level 7. HP: 7/52 MP: 10/10
  3759 | D:4      | Gained mutation: You can survive without breathing. [Grey Draconian growth]
  4002 | D:5      | Entered Level 5 of the Dungeon
  4002 | D:5      | Found Noryobb's Jewellery Boutique.
  4002 | D:5      | Found Nevvux's Magic Scroll Shop.
  4009 | D:5      | Bought a scroll of blinking for 82 gold pieces
  4101 | D:5      | Found Ylasic's Distillery.
  4179 | D:5      | Noticed Prince Ribbit
  4211 | D:5      | Killed Prince Ribbit
  4211 | D:5      | Reached skill level 9 in Unarmed Combat
  4556 | D:5      | Found Heapsikh's Jewellery Emporium.
  4657 | D:5      | Reached XP level 8. HP: 59/59 MP: 11/11
  4792 | D:5      | You fall through a shaft for 3 floors!
  4792 | D:8      | Noticed Erica
  4811 | D:8      | Gained mutation: Your body sometimes deteriorates upon taking damage. [potion of mutation]
  4811 | D:8      | Gained mutation: You have a pair of small horns on your head. [potion of mutation]
  4811 | D:8      | Gained mutation: Your magical capacity is low (-10% MP). [potion of mutation]
  4816 | D:8      | Killed from afar by Erica

Vault maps used:
D:1:      onia_arrival_larder
D:2:      tgw_kikubaaqudgha
D:3:      first_bread, kennysheep_potato
D:4:      uniq_natasha
D:5:      kennysheep_steamy, serial_shops, shop, nicolae_shop_crystal, shop,
          shop, minmay_statues_item, uniq_prince_ribbit1, uniq_blork_the_orc
D:8:      lair_0_dummy, gup_ossuary_entry_pyramid, david_nohive_1, uniq_grum,
          uniq_erica, uniq_maurice

Skill      XL: |  1  2  3  4  5  6  7 |
---------------+----------------------+-----
Unarmed Combat | 4 5 6 8 9 |  9.9
Fighting       | |  1.1
Dodging        | |  1.7
Spellcasting   | |  2.0
Transmutations | |  2.0

Action                   |  1- 3 |  4- 6 |  7- 9 || total
-------------------------+-------+-------+-------++-------
Melee: Unarmed           |    37 |     7 |       ||    44
       Dagger            |    71 |   215 |   118 ||   404
  Use: Potion            |     1 |       |    10 ||    11
 Stab: Sleeping          |       |       |     1 ||     1
  Eat: Chunk             |       |     9 |     4 ||    13
